 Dungeon Crawl Stone Soup version 0.22-a0-551-g3b2bdd4ba6 (webtiles) character file.

444 Kholdaimon the Shield-Bearer (level 6, -3/53 HPs)
             Began as a Minotaur Fighter on June 25, 2018.
             Killed from afar by an orc wizard (6 damage)
             ... with a magic dart
             ... on level 4 of the Dungeon.
             The game lasted 00:15:42 (2891 turns).

Kholdaimon the Shield-Bearer (Minotaur Fighter)     Turns: 2891, Time: 00:15:44

Health: -3/53      AC: 12    Str: 21    XL:     6   Next: 72%
Magic:  5/5        EV:  4    Int:  7    God:
Gold:   162        SH: 10    Dex:  9    Spells: 5/5 levels left

rFire    . . .     SeeInvis .   a - +0 war axe
rCold    . . .     Gourm    .   c - +0 shield
rNeg     . . .     Faith    .   k - +0 plate armour
rPois    .         Spirit   .   (helmet restricted)
rElec    .         Reflect  .   (no cloak)
rCorr    .         Harm     .   (no gloves)
MR       .....                  (no boots)
Stlth    ..........             (no amulet)
HPRegen  0.17/turn              s - ring of flight
MPRegen  0.09/turn              (no ring)

@: lethally poisoned (-3 -> -39)
A: retaliatory headbutt, horns 2
a: Evoke Flight


You were on level 4 of the Dungeon.
You were hungry.

You visited 1 branch of the dungeon, and saw 4 of its levels.

You collected 162 gold pieces.

Inventory:

Hand Weapons
 a - a +0 war axe (weapon)
 w - a +0 hunting sling
 x - a +0 long sword of slicing
Missiles
 g - 117 stones (quivered)
 l - 2 javelins
Armour
 c - a +0 shield (worn)
 k - a +0 plate armour (worn)
Jewellery
 s - a ring of flight (left hand)
Wands
 m - a wand of polymorph (6)
Scrolls
 b - a scroll of amnesia {unknown}
 e - 3 scrolls of teleportation
 h - 2 scrolls of enchant weapon {unknown}
 n - a scroll of fog {unknown}
 p - 2 scrolls of blinking {unknown}
 u - a scroll of random uselessness {unknown}
Potions
 d - a potion of might
 i - a potion of flight
 j - a potion of brilliance
 o - 2 potions of lignification
 q - a potion of agility {unknown}
 r - a potion of cancellation {unknown}
 v - a potion of degeneration {unknown}
Comestibles
 f - 5 rations


   Skills:
 + Level 4.5 Fighting
 * Level 5.8 Axes
 + Level 5.0 Armour
 * Level 5.9 Shields


You had 5 spell levels left.
You didn't know any spells.
Your spell library contained the following spells:

 Spells                   Type           Power        Failure   Level  Hunger
 Confuse                  Hex            #.......     100%        3    ####...
 Confusing Touch          Hex            #.....       100%        1    ##.....
 Metabolic Englaciation   Hex/Ice        #.........   100%        5    ######.
 Petrify                  Tmut/Erth      #.......     100%        4    #####..
 Gell's Gravitas          Tloc           #.........   100%        3    ####...
 Yara's Violent Unravell  Hex/Tmut       #.........   100%        5    ######.


Dungeon Overview and Level Annotations

Branches:
Dungeon (4/15)
 Temple: D:4-7

Altars:
Dithmenos
Elyvilon
Gozag
Nemelex Xobeh
Xom


Innate Abilities, Weirdness & Mutations

You reflexively headbutt those who attack you in melee.
You have a pair of horns on your head.


Message History

* * * LOW HITPOINT WARNING * * *
You feel very sick.
The orc wizard points at you and mumbles some strange words.
You block the puff of frost.
The orc wizard hits you but does no damage.
You are more poisoned.
You closely miss the orc wizard.
You headbutt the orc wizard, but do no damage.
The orc wizard is severely wounded.
* * * LOW HITPOINT WARNING * * *
You feel very sick.
The orc wizard hits you but does no damage. x2
You are more poisoned.
You hit the orc wizard. Your headbutt misses the orc wizard.
The orc wizard is severely wounded.
* * * LOW HITPOINT WARNING * * *
You feel very sick.
The orc wizard gestures at you while chanting.
The magic dart hits you!
You die... ### .... ..<.( ########## .....##.....#..#. ................. ......)))........ ..?..##..@o...... .oo

#..[....... .
##)###..###
##..<###+####
#............
#............
##...........
#...........
#...##...###


You could see an orc wizard.

Vanquished Creatures
  The ghost of Foic the Sneak, an amateur KoAs (D:3)
  An ogre (D:4)
  A hound (D:3)
  2 orc priests
  An orc wizard (D:4)
  Terence (D:2)
  A worker ant (D:4)
  A hound skeleton (D:4)
  A worm (D:3)
  A dart slug (D:1)
  3 leopard geckos
  2 orcs (D:4)
  13 bats
  3 giant cockroaches
  3 hobgoblins
  6 jackals
  A ball python (D:1)
  3 frilled lizards
  10 goblins
  4 kobolds
  8 rats
67 creatures vanquished.

Notes
Turn   | Place    | Note
-------+----------+-------------------------------------------
     0 | D:1      | Kholdaimon the Minotaur Fighter began the quest for the Orb.
     0 | D:1      | Reached XP level 1. HP: 19/19 MP: 0/0
   178 | D:1      | Reached XP level 2. HP: 27/27 MP: 1/1
  1010 | D:2      | Noticed Terence
  1017 | D:2      | Killed Terence
  1017 | D:2      | Reached XP level 3. HP: 33/33 MP: 2/2
  1234 | D:2      | Found an opulent altar of Gozag.
  1658 | D:3      | Reached XP level 4. HP: 31/40 MP: 3/3
  1705 | D:3      | Found a sparkling altar of Nemelex Xobeh.
  1732 | D:3      | Found a faded altar of an unknown god.
  2109 | D:3      | Noticed Foic's ghost (amateur KoAs)
  2114 | D:3      | Found a runed gate.
  2114 | D:3      | Found a runed gate.
  2131 | D:3      | Found a runed gate.
  2270 | D:3      | Found a shimmering altar of Xom.
  2270 | D:3      | Found a white marble altar of Elyvilon.
  2272 | D:3      | Found a shadowy altar of Dithmenos.
  2358 | D:3      | Killed Foic's ghost
  2358 | D:3      | Reached skill level 5 in Shields
  2358 | D:3      | Reached XP level 5. HP: 37/47 MP: 4/4
  2545 | D:4      | Noticed an ogre
  2554 | D:3      | Reached skill level 5 in Axes
  2554 | D:3      | Reached XP level 6. HP: 49/53 MP: 5/5
  2585 | D:4      | Reached skill level 5 in Armour
  2891 | D:4      | Killed from afar by an orc wizard

Vault maps used:
D:1:      evilmike_arrival_rings
D:2:      nicolae_overflow_crystal_walls, uniq_terence
D:3:      minitemple, nemelex_xobeh_ov_fountains_minmay, gammafunk_ghost_split,
          chequers_ecumenical_altar_simple_redux, minmay_misc_feat_square
D:4:      uniq_menkaure

Skill      XL: |  1  2  3  4  5  6 |
---------------+-------------------+-----
Armour         | 4 5 |  5.0
Fighting       | 4 |  4.5
Axes           | 3 4 5 |  5.8
Shields        | 4 5 |  5.9

Action                   |  1- 3 |  4- 6 || total
-------------------------+-------+-------++-------
Melee: War axe           |   119 |   115 ||   234
       Headbutt          |    16 |    21 ||    37
  Use: Scroll            |       |     4 ||     4
  Eat: Chunk             |     2 |     4 ||     6
Armor: Scale mail        |    10 |       ||    10
       Plate armour      |    69 |    72 ||   141
Dodge: Dodged            |    21 |    27 ||    48
Block: Shield            |    70 |    68 ||   138

Table legend:
 A = Spawn XP
 B = Non-spawn XP
 C = Spawn XP percentage of total XP
 D = Spawn monster count
 E = Non-spawn monster count
 F = Spawn count percentage of total count
 G = Total turns spent on level
                    A         B        C        D         E        F      G
               +---------+---------+-------+---------+---------+-------+---------
         Total |       0 |     635 |   0.0 |       0 |      67 |   0.0 |  2891
               +---------+---------+-------+---------+---------+-------+---------
           D:1 |       0 |      39 |   0.0 |       0 |      25 |   0.0 |   986
           D:2 |       0 |      57 |   0.0 |       0 |      15 |   0.0 |   661
           D:3 |       0 |     266 |   0.0 |       0 |      15 |   0.0 |  1072
           D:4 |       0 |     273 |   0.0 |       0 |      12 |   0.0 |   172
               +---------+---------+-------+---------+---------+-------+---------
